Map: Overgrown Facility

Players

SHIVERED

  • Race: Terran Terran
  • Spawn Location: 7:00

liang

  • Race: Protoss Protoss
  • Spawn Location: 9:00

PureLegacy - Winner!

  • Race: Terran Terran
  • Spawn Location: 1:00

BreakingBad - Winner!

  • Race: Zerg Zerg
  • League: Diamond
  • Spawn Location: 3:00

VOD

Have the link to the VOD?

Description

Time

  • Played on: Nov. 25, 2018, 1:57 p.m.
  • Length: 4:09
Show
View Real Time Build Order
Export as new Build Order

SHIVERED Terran 

Build Orders: 1/1/1, Widow Mine Drop 

Get SALT Encoding   

  12  0:01  SCV  
  13  0:13  SCV  
  14  0:18  Supply Depot  
  14  0:25  SCV  
  15  0:39  SCV  
  15  0:40  Barracks  
  16  0:45  Refinery  
  16  0:52  SCV  
  16  0:54  Refinery  
  17  1:04  SCV  
  18  1:16  SCV  
  19  1:27  Marine  
  19  1:28  Orbital Command  
  20  1:33  Factory  
  20  1:44  Supply Depot  
  20  1:47  Barracks Reactor  
  20  1:56  SCV  
  21  2:08  SCV  
  22  2:17  Widow Mine  
  22  2:18  Starport  
  22  2:20  SCV  
  25  2:25  Marine x2  
  27  2:32  Supply Depot, SCV  
  28  2:42  Factory Tech Lab  
  28  2:43  Marine x2  
  29  2:45  SCV  
  30  2:55  Medivac  
  32  3:01  Supply Depot  
  32  3:03  Marine x2  
  34  3:08  Siege Tank  
  37  3:20  Marine  
  37  3:21  Marine  
  39  3:27  Medivac  
  39  3:28  Supply Depot  
  41  3:36  Supply Depot  
  41  3:38  Marine x2  
  46  3:51  SCV  
Show
View Real Time Build Order
Export as new Build Order

liang Protoss 

Build Orders: 1 Gate Expand 

Get SALT Encoding   

  12  0:03  Probe  
  13  0:15  Probe  
  14  0:28  Probe  
  15  0:30  Pylon  
  15  0:43  Assimilator  
  15  0:48  Probe  
  16  0:54  Gateway  
  16  0:57  Probe  
  16  1:01  Assimilator  
  17  1:05  Probe  
  18  1:14  Probe  
  19  1:27  Probe  
  20  1:39  Nexus  
  20  1:53  Cybernetics Core  
  20  1:55  Probe  
  21  2:03  Pylon  
  21  2:10  Probe  
  22  2:23  Probe  
  23  2:32  Stargate  
  23  2:36  Stalker  
  23  2:41  Pylon  
  23  2:43  Probe  
  20  3:19  Stalker  
  22  3:33  Probe x2  
Show
View Real Time Build Order
Export as new Build Order

PureLegacy Terran - Winner!

Build Orders:  

Get SALT Encoding   

  12  0:03  SCV  
  13  0:15  SCV  
  13  0:20  Supply Depot  
  14  0:27  SCV  
  15  0:31  Refinery  
  15  0:42  SCV  
  16  0:49  Barracks  
  16  0:54  SCV  
  17  1:07  Barracks  
  17  1:18  Barracks  
  17  1:25  SCV  
  18  1:41  Reaper  
  18  1:42  Orbital Command  
  19  1:53  Refinery  
  19  1:55  Reaper  
  19  2:00  Supply Depot  
  20  2:07  Reaper  
  21  2:10  SCV  
  22  2:16  Reaper  
  23  2:27  Reaper  
  23  2:28  Supply Depot  
  24  2:31  SCV  
  25  2:41  Reaper  
  25  2:43  SCV  
  27  2:53  Reaper  
  28  3:01  Reaper  
  29  3:16  Reaper  
  29  3:18  Command Center  
  29  3:20  SCV  
  29  3:25  Reaper  
  31  3:33  Engineering Bay  
  31  3:34  Reaper  
  32  3:39  SCV  
  33  4:07  Barracks Reactor x2  
Show
View Real Time Build Order
Export as new Build Order

BreakingBad Zerg - Winner!

Build Orders: Pool First 

Get SALT Encoding   

  12  0:01  Drone  
  13  0:13  Overlord  
  13  0:18  Drone  
  14  0:31  Drone x2  
  14  0:35  Drone  
  17  0:45  Drone  
  18  0:51  Spawning Pool  
  18  0:54  Extractor  
  17  0:57  Drone  
  17  1:08  Drone  
  18  1:23  Drone  
  19  1:26  Hatchery  
  19  1:30  Drone  
  19  1:38  Queen  
  21  1:45  Overlord  
  21  1:54  Drone  
  22  2:14  Metabolic Boost, Drone x2  
  24  2:17  Queen  
  26  2:23  Drone  
  27  2:35  Drone  
  28  2:44  Queen  
  28  2:45  Drone  
  28  2:46  Drone  
  28  2:47  Drone x2  
  34  2:58  Drone  
  35  2:59  Drone  
  35  3:00  Evolution Chamber  
  35  3:09  Zergling x2  
  35  3:11  Overlord x2  
  36  3:25  Overlord  
  36  3:29  Zergling x8  
  36  3:30  Zergling x2  
  41  3:39  Zergling x4  
  43  3:45  Zergling x4  
Tags
 
Add a new tag
Caveats
  • Supply blocks, unpowered buildings, or Contaminate may cause inaccurate times.
  • Supply counts are checked every 10 seconds.